[Event "CIS Master Groups 2024"]
[Site "Vasto"]
[Date "2024.04.12"]
[Round "7.1"]
[White "Favaloro, Andrea"]
[Black "Saric, Ivan"]
[Result "0-1"]
[ECO "D02"]
[WhiteElo "2412"]
[BlackElo "2670"]
[Annotator "TA"]
[PlyCount "66"]
[EventDate "2024.04.07"]
[EventType "team-tourn"]
[EventCountry "ITA"]
[SourceTitle "playchess.com"]
[Source "ChessBase"]
[SourceQuality "1"]
[TimeControl "40/5400+30:900+30"]

1. Nf3 d5 2. g3 g6 3. Bg2 Bg7 4. d4 c6 5. c4 dxc4 6. Na3 b5 {[%emt 0:00:19] [#]} 7. Nxb5 $1 cxb5 8. Nh4 $1 {[%emt 0:00:06] White is slightly better.} Bd7 {[%emt 0:00:09][%cal Bc8d7,Bd7c6,Bc6d5,Bd5e6][%mdl 32] ...Bc6 would now be deadly.} 9. Bxa8 Nc6 10. Bxc6 Bxc6 11. O-O Qd5 12. f3 Bxd4+ {[%emt 0:00:52] A strong pair of Bishops.} 13. e3 Bc5 14. Qxd5 Bxd5 15. Bd2 e5 16. Ng2 Ne7 {[%emt 0:01:43] White is weak on the light squares} 17. a3 Nc6 18. Rad1 Be6 $1 19. Rc1 O-O 20. b4 Be7 21. Bc3 {[%emt 0:16:20] [#]} a5 $1 22. Rb1 (22. bxa5 $2 {perishes.} Bxa3 23. Rc2 Bc5 $19 (23... b4 24. Ra2 $17)) (22. Ra1 axb4) 22... axb4 23. axb4 Ra8 $1 24. Ra1 {[%emt 0:10:03] [#]} Rxa1 25. Rxa1 Bxb4 ({Worse is} 25... Nxb4 26. Nf4 $16) 26. Bxb4 Nxb4 $17 {[%emt 0:00:04][%mdl 4096] Endgame. KRN-KBN} 27. Rb1 $2 (27. Ne1 $17 c3 28. Rb1) 27... Nd3 $19 {[%emt 0:01:08] ...c3 is the strong threat.} (27... c3 28. Ne1 (28. Rxb4 $2 {loses.} c2 $19) 28... c2 29. Rc1 $11) 28. Ne1 {[%emt 0:21:44] [#]} (28. Rxb5 $142 c3 29. Rb7) 28... Nb4 $4 29. Ra1 $2 (29. Rxb4 $18 Bd7 30. Nc2) 29... c3 $17 {Hoping for ...Na2.} 30. Rb1 c2 {[%emt 0:01:00] Black is more active.} 31. Nxc2 Nxc2 32. Rxb5 e4 33. fxe4 Nxe3 {Weighted Error Value: White=0.51/Black=0.22 (precise) .  Loses game:     	White=1     	---        Missed win:     	White=1     	Black=1      Mistake:       	White=1     	---        Inaccurate:     	White=3     	---        OK:         	White=9     	Black=9      Best:        	White=1     	Black=4      Strong:       	White=1     	Black=2      Brilliant:      	---       	Black=1} 0-1

[Event "CIS Master Groups 2024"]
[Site "Vasto"]
[Date "2024.04.12"]
[Round "7.2"]
[White "Brunello, Sabino"]
[Black "Iturrizaga Bonelli, Eduardo"]
[Result "0-1"]
[ECO "D10"]
[WhiteElo "2515"]
[BlackElo "2589"]
[Annotator "TA"]
[PlyCount "64"]
[EventDate "2024.04.07"]
[EventType "team-tourn"]
[EventCountry "ITA"]
[SourceTitle "playchess.com"]
[Source "ChessBase"]
[SourceQuality "1"]
[TimeControl "40/5400+30:900+30"]

1. c4 c6 2. d4 Nf6 3. Nc3 d5 4. e3 Bf5 5. f3 e6 6. g4 Bg6 7. h4 $1 h5 {[%emt 0:08:08] And now ...hxg4 would win.} 8. g5 {[%emt 0:02:40] White is slightly better.} Ng8 9. Nge2 Bd6 $1 10. e4 Ne7 11. Bh3 Nd7 12. O-O O-O 13. Nf4 e5 14. dxe5 Nxe5 15. cxd5 Re8 16. Nxg6 N5xg6 17. f4 {[%emt 0:02:18] Hoping for f5.} cxd5 18. f5 (18. Qxh5 Bc5+ 19. Kg2 d4 $14) (18. Nxd5 Nxd5 (18... Nxh4 19. Nxe7+ Bxe7 20. Be3 $16) 19. Qxd5 Qb6+ 20. Kh1 Rad8 $15) (18. exd5 Nxh4 19. f5 (19. Qxh5 Nef5 $17) 19... Qb6+ 20. Kh1 Qb4 $19 (20... g6 21. fxg6 Nexg6 22. Qxh5 $14)) 18... Ne5 19. exd5 (19. Nxd5 Nxd5 20. Qxd5 Qb6+ 21. Kh1 Rad8 $11) (19. Qxh5 $16 {Black must now prevent Be3.} dxe4 20. Nxe4) 19... Bb4 (19... Rc8 $1 $15 20. Bf4 (20. Qxh5 Rc4 $11) 20... Rc4) 20. f6 Bxc3 21. bxc3 (21. fxe7 {feels hotter.} Qb6+ 22. Kh1 Bb4 23. Bf4) 21... Nxd5 22. fxg7 (22. Qxh5 $11 Ng6 (22... g6 $2 23. Qh6 $18) 23. Bf5 Qb6+ 24. Kh1) 22... Nxc3 $17 23. Qxh5 {[%emt 0:00:07] [#]} (23. Qxd8 $17 Raxd8 24. g6 Nxg6 (24... Ne2+ 25. Kh2 $15) 25. Bg5) 23... Ng6 $1 $19 {[%emt 0:00:14] ...Ne2+ is the strong threat. Excellent horsemanship.} 24. Qf3 (24. Bb2 $2 Ne2+ (24... Qb6+ $2 25. Kh1 $19) 25. Kh1 Ng3+ 26. Kg1 Nxh5 $19) 24... Ne2+ 25. Kh1 Qc7 26. Bb2 Nxh4 (26... Ng3+ 27. Kg1) 27. Qf2 Ng3+ 28. Kg1 Re2 29. Rac1 (29. Be5 $142 Rxe5 (29... Qxe5 30. Qxf7+ Kh7 31. g8=Q#) 30. Qxg3 Qc5+ 31. Qf2) 29... Rxf2 30. Rxc7 Rxb2 31. Rfxf7 Re8 (31... Rxa2 32. Rf8+ (32. Rxb7 Ne2+ 33. Kf2 Nd4+ 34. Ke3 Ra3+ 35. Kxd4 Rxh3 $15) 32... Rxf8 33. Be6+ $18) 32. Be6 $2 {[%emt 0:00:24] [#]} (32. Rf8+ $19 Rxf8 33. Be6+ Rf7 34. Bxf7+ Kxg7 35. Bd5+ Kg6 36. a4) 32... Rg2# {[%emt 0:00:03] Weighted Error Value: White=0.49/Black=0.10 (very precise) .  Mistake:       	White=5     	Black=1      Inaccurate:     	---       	Black=4      OK:         	White=10    	Black=11     Best:        	White=5     	Black=3      Strong:       	White=1     	Black=2} 0-1

[Event "CIS Master Groups 2024"]
[Site "Vasto"]
[Date "2024.04.12"]
[Round "7.4"]
[White "Gilevych, Artem"]
[Black "Bertagnolli, Alexander"]
[Result "1-0"]
[ECO "B22"]
[WhiteElo "2417"]
[BlackElo "2333"]
[Annotator "TA"]
[PlyCount "85"]
[EventDate "2024.04.07"]
[EventType "team-tourn"]
[EventCountry "ITA"]
[SourceTitle "playchess.com"]
[Source "ChessBase"]
[SourceQuality "1"]
[TimeControl "40/5400+30:900+30"]

1. e4 c5 2. c3 Nf6 3. e5 Nd5 4. Nf3 e6 5. d4 cxd4 6. cxd4 b6 7. Bd2 Na6 8. Nc3 Nxc3 9. bxc3 ({Reject} 9. Bxc3 Bb7 $11) 9... Be7 {[%emt 0:01:58] Repels Ng5. White is slightly better.} 10. Bd3 Bb7 11. h4 h6 {[%emt 0:01:57] Against Ng5} 12. Rh3 Nc7 13. h5 Bc6 14. Kf1 Qc8 15. Rg3 Bf8 16. a4 {[%emt 0:08:06] White is more active.} Qb7 17. Qe2 O-O-O (17... a6 {might work better.} 18. c4 Rb8) 18. c4 $18 d6 19. a5 f6 $2 (19... d5 20. a6 (20. axb6 axb6 21. c5 bxc5 $18) 20... Qa8) 20. axb6 axb6 {[%emt 0:00:12] Black is weak on the dark squares} 21. exf6 gxf6 {[%emt 0:00:07] [#]} 22. d5 $1 exd5 23. Nd4 dxc4 24. Bxc4 d5 $2 (24... Re8 {keeps fighting.}) 25. Nxc6 Qxc6 26. Bd3 {[%emt 0:00:17] [#] Threatens to win with Bf4. A strong pair of Bishops.} Re8 27. Qf3 Kb7 28. Rg6 Re6 (28... Bc5 $142 29. Rb1 (29. Rxf6 Re6 $18) 29... Bd4 30. Bxh6 (30. Rxh6 Rxh6 31. Bxh6 Ra8 $18) 30... Qc3) 29. Rc1 Bc5 30. Rxh6 Rhe8 31. Rh7 Kb8 32. g4 R8e7 33. Rxe7 Rxe7 34. h6 Qe8 35. h7 Qh8 36. Qf5 Bd6 37. Re1 {[%emt 0:00:45] Black must now prevent Rxe7.} Rxe1+ 38. Bxe1 {[%emt 0:00:06] Qg6 would now be deadly.} Be5 39. Qg6 f5 40. Qxb6+ Kc8 41. Bxf5+ {[%emt 0:15:18] White mates.} ({Less strong is} 41. gxf5 Qxh7 42. Qg6 Qe7 43. Ba6+ Kd7 $14) 41... Kd8 42. Bb4 Ke8 43. Qg6+ {[%emt 0:00:19] White took control after the opening.   Weighted Error Value: White=0.24 (precise) /Black=0.80.  Mistake:       	---       	Black=4      Inaccurate:     	White=1     	Black=4      OK:         	White=12    	Black=4} (43. Qc6+ $142 Kf7 44. Qg6#) 1-0

[Event "CIS Master Groups 2024"]
[Site "Vasto"]
[Date "2024.04.12"]
[Round "7.5"]
[White "Fier, Alexandr"]
[Black "Livaic, Leon"]
[Result "1-0"]
[ECO "C18"]
[WhiteElo "2566"]
[BlackElo "2549"]
[Annotator "RC"]
[PlyCount "55"]
[EventDate "2024.04.07"]
[EventType "team-tourn"]
[EventCountry "ITA"]
[SourceTitle "playchess.com"]
[Source "ChessBase"]
[SourceQuality "1"]
[TimeControl "40/5400+30:900+30"]

1. e4 e6 2. d4 d5 3. Nc3 Bb4 4. e5 c5 5. a3 Bxc3+ 6. bxc3 Qa5 7. Bd2 Qa4 8. Qg4 g6 9. h4 Nc6 10. h5 Qxc2 11. Rc1 Qf5 12. Qg3 cxd4 13. cxd4 Qe4+ 14. Ne2 Nge7 15. Qc3 gxh5 16. Rxh5 h6 17. f3 Qg6 18. g4 Bd7 19. Qb2 b6 20. Nf4 Qg7 21. Ba6 Rb8 22. Rh2 b5 23. Nh5 Qg6 24. Nf6+ Kd8 25. Bxb5 a6 26. Bxc6 Nxc6 27. Qc3 Rb1 28. Qc5 1-0

[Event "CIS Master Groups 2024"]
[Site "Vasto"]
[Date "2024.04.12"]
[Round "7.6"]
[White "Casadio, Niccolo`"]
[Black "Iermito, Sebastian"]
[Result "0-1"]
[ECO "C79"]
[WhiteElo "2309"]
[BlackElo "2511"]
[Annotator "TA"]
[PlyCount "58"]
[EventDate "2024.04.07"]
[EventType "team-tourn"]
[EventCountry "ITA"]
[SourceTitle "playchess.com"]
[Source "ChessBase"]
[SourceQuality "1"]
[TimeControl "40/5400+30:900+30"]

1. e4 e5 2. Nf3 Nc6 3. Bb5 a6 4. Ba4 Nf6 5. O-O d6 6. c3 Bd7 7. d4 exd4 8. cxd4 {[%emt 0:02:15] Black should prevent Re1.} Nxe4 9. Re1 d5 {[%emt 0:00:05] The position is equal.} 10. Nc3 Bb4 11. Ng5 O-O 12. Ngxe4 dxe4 13. Rxe4 Na5 14. Qh5 (14. Bf4 $11) 14... Bxa4 $15 15. Nxa4 {[%emt 0:00:30] Hoping for Rh4.} Re8 16. Rxe8+ Qxe8 17. Qd1 Rd8 $40 {[%emt 0:01:00][%cal Od8d4][%mdl 128] White must now prevent ...Rxd4! Black has some attack. Black is more active.} 18. Bg5 {[%emt 0:00:30] White is weak on the light squares} Rd5 19. Be3 Nc4 20. Qb3 Nxe3 21. fxe3 Rb5 22. Qd3 {[%emt 0:00:00] Against Bd2} Bd6 (22... Qc6 $17 {And now ...Rg5 would win.} 23. b3 Rd5) 23. b3 $11 Rh5 24. g3 $2 {[%emt 0:00:00] [#] White does not recover from this.} ({Only move:} 24. h3 $1 $15) 24... Qe6 $1 $19 25. Qe2 {[%emt 0:00:00] [#]} Qh6 {[%emt 0:00:00][%cal Od6g3] aiming for ...Bxg3!} 26. Qf3 Rxh2 27. e4 $2 {[%emt 0:00:00] [#]} (27. Rf1 f6 (27... Rxa2 28. Qxf7+ Kh8 29. Qe8+) 28. Nc3) 27... Bxg3 $1 {[%emt 0:00:00][%mdl 512] Black is clearly winning.} 28. Rf1 {[%emt 0:00:00] [#]} Bf4 $1 {[%emt 0:00:00][%mdl 512] ( -> ...Qg5+)} 29. Rf2 Rh3 {[%emt 0:00:00] Weighted Error Value: White=0.57/Black=0.07 (flawless) .  Loses game:     	White=1     	---        Mistake:       	White=2     	Black=1      Inaccurate:     	White=2     	Black=2      OK:         	White=8     	Black=8      Best:        	White=3     	Black=6      Strong:       	---       	Black=1} 0-1

[Event "CIS Master Groups 2024"]
[Site "Vasto"]
[Date "2024.04.12"]
[Round "7.7"]
[White "Godena, Michele"]
[Black "Sorbera, Giovanni"]
[Result "1-0"]
[ECO "C54"]
[WhiteElo "2429"]
[BlackElo "2148"]
[Annotator "TA"]
[PlyCount "85"]
[EventDate "2024.04.07"]
[EventType "team-tourn"]
[EventCountry "ITA"]
[SourceTitle "playchess.com"]
[Source "ChessBase"]
[SourceQuality "1"]
[TimeControl "40/5400+30:900+30"]

1. e4 e5 2. Nf3 Nc6 3. Bc4 Nf6 4. d3 Bc5 5. c3 d6 6. Bb3 a6 7. Nbd2 Qe7 8. h3 Be6 9. Nf1 d5 {[%emt 0:02:30] The position is equal.} 10. Ng3 O-O-O {[%emt 0:01:19] [#] And now ...dxe4 would win.} 11. Qe2 h6 12. O-O g5 13. exd5 (13. Ba4 {simplifies} dxe4 14. dxe4 b5 15. Bb3) 13... Nxd5 (13... Bxd5 $11 14. Re1 Rhe8) 14. Nxe5 $14 {[%emt 0:01:18] White now steadily converts the win.} Nf4 (14... Nxe5 $16 15. Qxe5 Bd6) 15. Bxf4 $18 gxf4 16. Nxc6 bxc6 17. Bxe6+ fxe6 (17... Qxe6 $16 {was called for.} 18. Qxe6+ fxe6) 18. Ne4 {[%emt 0:00:12] Strongly threatening d4.} Rhg8 19. d4 Bb6 20. Qxa6+ Kb8 21. Kh2 e5 22. b4 {[%emt 0:04:37] [#] aiming for Nc5.} Qe6 {[%emt 0:06:37] ...Qg6 is the strong threat.} 23. Nc5 Qc8 {[%emt 0:00:27] Repels Qb7+} 24. Qxc8+ Kxc8 25. Rad1 ({Don't take} 25. dxe5 Bxc5 26. bxc5 Rd3 $18) 25... exd4 26. cxd4 Rg6 27. g4 Rgd6 $2 (27... fxg3+ {keeps fighting.} 28. fxg3 Rgd6) 28. Rfe1 Bxc5 29. bxc5 {[%emt 0:00:05][%mdl 4096] Endgame. KRR-KRR. White is clearly winning.} Rf6 30. Re4 Kd7 31. a4 Rb8 32. Ra1 Rb2 33. Kg2 Kc8 34. a5 Rf8 35. a6 Kb8 36. a7+ Ka8 37. Re6 Rd2 38. Rxh6 Rxd4 39. Rxc6 f3+ 40. Kg3 Rh8 41. Rf6 Rd7 42. Rb1 Rdh7 43. Rb8+ {[%emt 0:00:10] Weighted Error Value: White=0.14 (very precise) /Black=0.33.  Mistake:       	---       	Black=4      Inaccurate:     	White=1     	Black=1      OK:         	White=18    	Black=8      Best:        	White=1     	Black=1} 1-0

[Event "CIS Master Groups 2024"]
[Site "Vasto"]
[Date "2024.04.12"]
[Round "7.8"]
[White "Belli, Giorgio"]
[Black "Corvi, Marco"]
[Result "1-0"]
[ECO "B27"]
[WhiteElo "2109"]
[BlackElo "2185"]
[Annotator "TA"]
[PlyCount "67"]
[EventDate "2024.04.07"]
[EventType "team-tourn"]
[EventCountry "ITA"]
[SourceTitle "playchess.com"]
[Source "ChessBase"]
[SourceQuality "1"]
[TimeControl "40/5400+30:900+30"]

1. e4 c5 2. Nf3 Nc6 3. Bb5 g6 4. Bxc6 bxc6 5. d4 cxd4 6. Qxd4 Nf6 7. e5 Nd5 8. c4 Nc7 (8... Nb4 $11 9. Qd1 c5) 9. Nc3 {[%emt 0:05:16] Black is weak on the dark squares. White is slightly better.} Bg7 10. O-O Ne6 11. Qh4 Ba6 12. Re1 Rb8 {[%emt 0:06:45] [#]} 13. b3 $1 h6 14. Be3 Qc7 15. Rac1 (15. Na4 $142) 15... Qb7 (15... Bb7 $142) 16. Ne4 Qc7 17. Nc5 $40 {[%emt 0:04:28][%mdl 128] White wants a kill. White has more active pieces.} Bc8 18. Nxe6 dxe6 19. Bc5 g5 (19... a5 $142 20. Rc3 Bb7) 20. Qd4 O-O 21. Bxa7 Rb7 {[%emt 0:06:17][%cal Of8d8] [#] White must now prevent ...Rd8!} 22. Bc5 Qa5 23. Re2 Rd7 24. Qe3 g4 25. b4 Qd8 26. Nd4 Qc7 {[%emt 0:05:12] White is clearly winning.} 27. a4 Rfd8 28. a5 f6 29. exf6 Bxf6 30. Nxe6 Rd1+ 31. Re1 Rxe1+ 32. Rxe1 Bxe6 33. Qxe6+ Kh8 34. Bb6 {[%emt 0:00:09] Weighted Error Value: White=0.09 (flawless) /Black=0.37.  Mistake:       	White=1     	Black=3      Inaccurate:     	White=1     	Black=3      OK:         	White=11    	Black=4      Best:        	White=2     	---        Strong:       	White=1     	---} ({Not} 34. Bxe7 Qxe7 35. g3 (35. Qxe7 Bxe7 36. c5 Bf6 $11) 35... Qxe6 36. Rxe6 Bc3 $14) 1-0

[Event "CIS Master Groups 2024"]
[Site "Vasto"]
[Date "2024.04.12"]
[Round "7.9"]
[White "Ceres, Dragos"]
[Black "Ivanisevic, Ivan"]
[Result "0-1"]
[ECO "C50"]
[WhiteElo "2486"]
[BlackElo "2518"]
[Annotator "TA"]
[PlyCount "114"]
[EventDate "2024.04.07"]
[EventType "team-tourn"]
[EventCountry "ITA"]
[SourceTitle "playchess.com"]
[Source "ChessBase"]
[SourceQuality "1"]
[TimeControl "40/5400+30:900+30"]

1. e4 e5 2. Nf3 Nc6 3. Bc4 d6 4. Nc3 Be7 5. d4 Nf6 6. h3 O-O 7. O-O Nxe4 8. Nxe4 d5 {[%emt 0:00:07] [#]} 9. Bxd5 $1 Qxd5 10. Nc3 {[%emt 0:02:04] Excellent horsemanship.} Qd6 {[%emt 0:00:23] The position is equal.} 11. dxe5 Qxd1 (11... Nxe5 $11 12. Nxe5 Qxe5) 12. Nxd1 (12. Rxd1 $14 Rd8 13. Nd5) 12... Bf5 13. c3 Rad8 14. Re1 Rd3 15. Be3 Rfd8 16. Nd4 Nxd4 17. Bxd4 Be6 18. Be3 Bxa2 19. Rxa2 Rxd1 20. Kf1 a6 21. Ra4 Kf8 22. Rc4 c6 23. Ra4 Ke8 24. Ke2 Rxe1+ 25. Kxe1 $15 {[%emt 0:00:05][%mdl 4096] Endgame. KRB-KRB} Rd5 26. f4 Rb5 (26... g5 $5) 27. Ra2 Kd7 (27... g5 $5) 28. Ke2 Ke6 29. Kd3 Rd5+ 30. Ke4 f5+ 31. exf6 gxf6 32. Ra1 Rb5 33. b4 f5+ 34. Kd3 Rd5+ 35. Kc2 h5 36. Bf2 Bf6 37. Re1+ Kf7 38. Rg1 Rd8 39. g4 hxg4 40. hxg4 Rh8 41. g5 (41. gxf5 $2 {is the wrong capture.} Rh2 42. Rf1 Bh4 $19) 41... Rh2 42. Rf1 Bg7 43. Kb3 Kg6 44. Kc4 b5+ 45. Kd3 Rh3+ 46. Be3 Kh5 ({Better is} 46... Bxc3 $1 $11 47. Rc1 Bxb4 48. Rxc6+ Kh5) 47. Ra1 (47. Rc1 $14) 47... Bxc3 $11 48. Rxa6 Bxb4 49. Rxc6 {[%emt 0:00:22] [#] aiming for Rh6+.} Kg4 50. Rh6 {[%emt 0:10:41] Rxh3 would now be deadly.} (50. g6 {with more complications.} Rg3 51. g7 Kh5 52. Rb6) 50... Rg3 51. Ke2 Rg2+ 52. Kd3 {[%emt 0:00:00] Hoping for g6.} Rg3 53. Ke2 {[%emt 0:00:00] Threatens to win with Bf2.} Rg2+ 54. Bf2 Kxf4 {[%emt 0:00:00][%cal Ob4c5] Strongly threatening ...Bc5!} ({Worse is} 54... Bc5 55. Rh4#) 55. Rh4+ Rg4 56. g6 $2 (56. Rxg4+ $1 $11 Kxg4 57. g6) 56... Rxh4 $19 57. Bxh4 {[%emt 0:00:00] g7 would kill now.} Bc3 {[%emt 0:00:00] Weighted Error Value: White=0.15 (very precise) /Black=0.08 (flawless) .  Loses game:     	White=1     	---        Mistake:       	White=2     	Black=2      Inaccurate:     	White=4     	Black=5      OK:         	White=19    	Black=24     Best:        	White=1     	Black=5} 0-1

[Event "CIS Master Groups 2024"]
[Site "Vasto"]
[Date "2024.04.12"]
[Round "7.10"]
[White "Seresin, Francesco"]
[Black "Lumachi, Gabriele"]
[Result "0-1"]
[ECO "A13"]
[WhiteElo "2336"]
[BlackElo "2413"]
[Annotator "TA"]
[PlyCount "76"]
[EventDate "2024.04.07"]
[EventType "team-tourn"]
[EventCountry "ITA"]
[SourceTitle "playchess.com"]
[Source "ChessBase"]
[SourceQuality "1"]
[TimeControl "40/5400+30:900+30"]

1. Nf3 d5 2. e3 Nf6 3. b3 e6 4. Bb2 Bd6 5. c4 a6 6. cxd5 exd5 7. Be2 b6 8. O-O {[%emt 0:03:03] The position is equal.} O-O 9. d3 Re8 10. Nbd2 Bb7 11. Re1 Nbd7 12. Nf1 Rc8 13. Ng3 c5 14. Qc2 Ne5 (14... g6 $11) 15. Nxe5 Bxe5 16. Bf3 Qd6 17. Rac1 h5 18. Qd2 Bxb2 19. Qxb2 g6 20. d4 h4 21. dxc5 bxc5 22. Nf1 Nh7 23. b4 cxb4 $15 24. a3 Ng5 $1 (24... bxa3 $2 {is the wrong capture.} 25. Qxb7 Rxc1 26. Rxc1 $18) 25. Qxb4 Nxf3+ 26. gxf3 Qxb4 27. axb4 {[%emt 0:00:07] [#]} d4 $1 28. e4 (28. Kg2 Rc3) 28... Kf8 29. Nd2 Rc3 30. Rxc3 dxc3 $17 {[%emt 0:00:04][%mdl 4096] Endgame. KRB-KRN} 31. Nc4 Bd5 $1 32. Ne3 ({White should try} 32. Nd6 Re6 33. Rc1) 32... Bb3 {[%emt 0:01:15] And now ...Rb8 would win.} 33. Rc1 {[%emt 0:00:36] [#]} (33. Kf1 $17) 33... c2 $1 $19 {[%emt 0:00:46] Strongly threatening ...Rd8.} ({Resist} 33... Rc8 34. Kf1 $15) 34. Nd5 $2 (34. Nxc2 $2 {loses.} Rc8 35. Kg2 Bxc2 $19 (35... Rxc2 $2 36. Rxc2 Bxc2 37. Kh3 $19)) (34. Kf1) 34... Bxd5 {[%emt 0:00:45] Black is clearly winning.} 35. exd5 {[%emt 0:00:05] [#]} (35. Rxc2 $142 h3 36. Rc3) 35... Rc8 $1 {[%emt 0:00:04] Threatens to win with ...Ke7.} 36. Kf1 Ke7 37. Ke2 Kd6 {[%emt 0:00:01][%cal Oh4h3] White must now prevent ...h3!} 38. Kd3 Kxd5 {[%emt 0:00:06] Weighted Error Value: White=0.45/Black=0.08 (flawless) .  Mistake:       	White=5     	Black=1      Inaccurate:     	White=5     	Black=1      OK:         	White=6     	Black=8      Best:        	---       	Black=2      Strong:       	---       	Black=4} 0-1

[Event "CIS Master Groups 2024"]
[Site "Vasto"]
[Date "2024.04.12"]
[Round "7.11"]
[White "Bettalli, Francesco"]
[Black "Boraso, Alessio"]
[Result "1-0"]
[ECO "B45"]
[WhiteElo "2309"]
[BlackElo "2291"]
[Annotator "RC"]
[PlyCount "65"]
[EventDate "2024.04.07"]
[EventType "team-tourn"]
[EventCountry "ITA"]
[SourceTitle "playchess.com"]
[Source "ChessBase"]
[SourceQuality "1"]
[TimeControl "40/5400+30:900+30"]

1. e4 c5 2. Nc3 e6 3. Nge2 Nf6 4. d4 cxd4 5. Nxd4 Nc6 6. a3 Be7 7. Be2 O-O 8. Be3 d5 9. exd5 Nxd5 10. Nxd5 Qxd5 11. Bf3 Qc4 12. Be2 Qd5 13. Bf3 Qc4 14. Nxc6 bxc6 15. Be2 Qd5 16. O-O Rd8 17. c4 Qe5 18. Qc2 c5 19. Bf3 Rb8 20. b4 cxb4 21. axb4 Rxb4 22. Rxa7 Bd6 23. g3 Bc5 24. Rd1 Rf8 25. Ra5 Qf6 26. Bxc5 Qxf3 27. Rd3 Qb7 28. Bxf8 Kxf8 29. Rb5 Rxb5 30. cxb5 Bd7 31. Qd2 Bxb5 32. Qb4+ Qe7 33. Qxb5 1-0

[Event "CIS Master Groups 2024"]
[Site "Vasto"]
[Date "2024.04.12"]
[Round "7.12"]
[White "Titze, Leo"]
[Black "Pescatore, Lorenzo"]
[Result "1-0"]
[ECO "C55"]
[WhiteElo "2219"]
[BlackElo "2358"]
[Annotator "RC"]
[PlyCount "95"]
[EventDate "2024.04.07"]
[EventType "team-tourn"]
[EventCountry "ITA"]
[SourceTitle "playchess.com"]
[Source "ChessBase"]
[SourceQuality "1"]
[TimeControl "40/5400+30:900+30"]

1. e4 e5 2. Bc4 Nf6 3. d3 Nc6 4. Nf3 Be7 5. O-O O-O 6. c3 d5 7. exd5 Nxd5 8. Re1 Bg4 9. Nbd2 Nb6 10. Bb5 Bd6 11. Nf1 Qf6 12. Bxc6 bxc6 13. Ng3 h6 14. h3 Bxf3 15. Qxf3 Qxf3 16. gxf3 f5 17. Bd2 Na4 18. b3 Nb2 19. d4 Nd3 20. Re2 Rae8 21. Rd1 e4 22. Kg2 Bf4 23. Be3 Bxg3 24. fxg3 g5 25. fxe4 f4 26. Bxf4 Nxf4+ 27. gxf4 Rxf4 28. e5 Ref8 29. Rd3 R8f5 30. c4 Kf8 31. d5 cxd5 32. cxd5 g4 33. hxg4 Rxg4+ 34. Rg3 Rd4 35. Rf3 Rxf3 36. Kxf3 Rxd5 37. Ke4 Ra5 38. Kf5 Kf7 39. Rc2 c5 40. Rd2 Ke7 41. Rg2 Ra6 42. Rg7+ Ke8 43. Rh7 Kf8 44. a4 Ke8 45. e6 c4 46. Kf6 Kd8 47. Kf7 cxb3 48. e7+ 1-0